[ AOE2 MATCH · #460436593 ]
UnrankedBengalis vs Khmer
[ REPLAY ANALYSIS · EXTRACTED FROM THE RECORDED GAME ]
Feudal
12:14
Castle
15:51
Imperial
31:15
| APM avg | 35.7 |
| APM peak | 61 |
| eAPM avg | 21.0 |
| Villagers / military | 167 / 110 |
Focus
⚔️ 31.1% · 🌾 68.9%
Elephant Archer ×80 · Galley ×23 · Fishing Ship ×7 · Trebuchet (Packed) ×3 · Armored Elephant ×2 · Mangonel ×1
Feudal
8:41
Castle
24:09
Imperial
37:23
| APM avg | 37.7 |
| APM peak | 62 |
| eAPM avg | 17.1 |
| Villagers / military | 73 / 129 |
Focus
⚔️ 42.5% · 🌾 57.5%
Scout Cavalry ×75 · Knight ×32 · Battle Elephant ×17 · Spearman ×5
Feudal
11:49
Castle
15:33
Imperial
35:46
| APM avg | 43.2 |
| APM peak | 76 |
| eAPM avg | 27.4 |
| Villagers / military | 156 / 96 |
Focus
⚔️ 33.6% · 🌾 66.4%
Knight ×58 · Leitis ×30 · Fishing Ship ×11 · Trebuchet (Packed) ×7 · Monk ×1
Feudal
11:05
Castle
15:25
Imperial
34:47
| APM avg | 35.8 |
| APM peak | 74 |
| eAPM avg | 18.7 |
| Villagers / military | 180 / 28 |
Focus
⚔️ 29.1% · 🌾 70.9%
Unknown (2626) ×39 · Fire Galley ×12 · Genitour ×7 · Kona ×3 · Fishing Ship ×3 · Skirmisher ×2
Feudal
9:16
Castle
13:14
Imperial
—
| APM avg | 92.3 |
| APM peak | 181 |
| eAPM avg | 42.2 |
| Villagers / military | 63 / 81 |
Focus
⚔️ 72.6% · 🌾 27.4%
Steppe Lancer ×80 · Scout Cavalry ×1
Feudal
8:51
Castle
24:05
Imperial
—
| APM avg | 82.2 |
| APM peak | 146 |
| eAPM avg | 38.8 |
| Villagers / military | 130 / 72 |
Focus
⚔️ 45.4% · 🌾 54.6%
Cavalry Archer ×46 · Archer ×25 · Spearman ×1
Feudal
8:04
Castle
26:25
Imperial
—
| APM avg | 46.6 |
| APM peak | 107 |
| eAPM avg | 24.0 |
| Villagers / military | 147 / 51 |
Focus
⚔️ 41.2% · 🌾 58.8%
Battle Elephant ×29 · Scout Cavalry ×22
Feudal
10:00
Castle
24:56
Imperial
—
| APM avg | 66.6 |
| APM peak | 106 |
| eAPM avg | 30.5 |
| Villagers / military | 91 / 122 |
Focus
⚔️ 41.1% · 🌾 58.9%
Camel Scout ×68 · Galley ×31 · Scout Cavalry ×14 · Trade Cog ×11 · Fishing Ship ×9 · Monk ×5
Match map
Initial resources + every placement click. Lines = walls · curves = elevation contours. ◆ gold · ⬟ stone · ● berries · ✦ relic · ◌ wall gap
Your base· Open — unwalled flank
MrSpring84's base· Open — unwalled flank
暴陽's base· Open — unwalled flank
ARKINE's base· Open — unwalled flank
查尔斯船长's base· Open — 6t gap
Zionic's base· Open — unwalled flank
台灣土匪's base· Open — unwalled flank
Envetel's base· Open — 6t gap
Smoothed initial terrain · ◌ = detected wall gap · hover for details
Inputs per minute
— 烏鴉 - - MrSpring84
Build order — 烏鴉
First 150 of 377 actions detected
| 0:02 | Create | Villager (Male) ×4 |
| 0:02 | Create | Villager (Male) ×4 |
| 0:04 | Build | House |
| 0:05 | Build | House |
| 1:27 | Create | Villager (Male) |
| 1:54 | Build | Lumber Camp |
| 2:11 | Create | Villager (Male) |
| 2:20 | Create | Villager (Male) |
| 2:21 | Create | Villager (Male) |
| 2:36 | Create | Villager (Male) |
| 3:17 | Create | Villager (Male) |
| 3:51 | Create | Villager (Male) |
| 3:51 | Create | Villager (Male) |
| 3:51 | Create | Villager (Male) |
| 4:02 | Build | House |
| 4:40 | Create | Villager (Male) |
| 4:40 | Create | Villager (Male) |
| 4:54 | Build | Dock |
| 5:01 | Create | Villager (Male) |
| 5:02 | Create | Villager (Male) |
| 5:28 | Build | House |
| 5:34 | Create | Fishing Ship |
| 6:06 | Create | Villager (Male) |
| 6:06 | Create | Villager (Male) |
| 6:22 | Create | Fishing Ship |
| 6:25 | Create | Villager (Male) |
| 6:25 | Create | Villager (Male) |
| 6:54 | Create | Villager (Male) |
| 6:54 | Create | Villager (Male) |
| 6:56 | Create | Fishing Ship |
| 7:23 | Build | House |
| 7:39 | Create | Villager (Male) |
| 7:40 | Create | Fishing Ship |
| 8:27 | Create | Villager (Male) |
| 8:28 | Create | Villager (Male) |
| 8:29 | Create | Fishing Ship |
| 8:43 | Create | Villager (Male) |
| 8:52 | Build | Mill |
| 9:12 | Research | Feudal Age |
| 9:24 | Build | House |
| 9:30 | Build | Palisade Wall |
| 9:31 | Build | Palisade Wall |
| 9:54 | Build | Mining Camp |
| 10:33 | Build | Dock |
| 11:12 | Create | Villager (Male) |
| 11:12 | Create | Villager (Male) |
| 12:14 | Age | Feudal Age |
| 12:16 | Build | Market |
| 12:18 | Build | Blacksmith |
| 12:20 | Build | Palisade Wall |
| 12:25 | Build | Palisade Wall |
| 12:29 | Build | House |
| 12:44 | Research | Gold Mining |
| 12:45 | Research | Double-Bit Axe |
| 12:53 | Create | Demolition Raft |
| 13:03 | Build | House |
| 13:11 | Research | Castle Age |
| 13:16 | Create | Fishing Ship |
| 13:19 | Create | Fishing Ship |
| 13:55 | Build | House |
| 14:01 | Build | Palisade Gate |
| 14:29 | Create | Galley |
| 14:29 | Create | Galley |
| 14:50 | Create | Villager (Male) |
| 14:50 | Create | Villager (Male) |
| 15:03 | Research | Horse Collar |
| 15:18 | Create | Galley |
| 15:18 | Create | Galley |
| 15:27 | Research | Fletching |
| 15:51 | Age | Castle Age |
| 16:04 | Build | Town Center |
| 16:17 | Build | Town Center |
| 16:20 | Create | Villager (Male) |
| 16:46 | Build | Farm |
| 16:47 | Build | Farm |
| 17:15 | Create | Galley |
| 17:15 | Create | Galley |
| 17:17 | Create | Villager (Male) |
| 17:17 | Create | Villager (Male) |
| 17:21 | Build | House |
| 17:36 | Create | Galley |
| 17:37 | Create | Galley |
| 17:51 | Create | Villager (Male) |
| 17:52 | Create | Villager (Male) |
| 17:54 | Create | Villager (Male) |
| 17:57 | Create | Galley |
| 18:00 | Research | Bodkin Arrow |
| 18:04 | Build | House |
| 18:06 | Build | House |
| 18:18 | Create | Villager (Male) |
| 18:18 | Create | Villager (Male) |
| 18:20 | Create | Galley |
| 18:31 | Create | Villager (Male) |
| 18:31 | Create | Villager (Male) |
| 18:43 | Research | War Galley (upgrade) |
| 18:43 | Research | War Galley (upgrade) |
| 19:01 | Create | Villager (Male) ×5 |
| 19:10 | Create | Galley |
| 19:15 | Build | House |
| 19:15 | Build | House |
| 19:20 | Create | Villager (Male) |
| 19:20 | Create | Villager (Male) |
| 19:33 | Create | Villager (Male) |
| 19:42 | Build | Town Center |
| 20:01 | Create | Villager (Male) ×5 |
| 20:02 | Create | Galley |
| 20:02 | Create | Galley |
| 20:18 | Build | House |
| 20:27 | Create | Villager (Male) |
| 20:27 | Create | Villager (Male) |
| 20:30 | Create | Galley |
| 20:31 | Create | Galley |
| 20:35 | Build | Farm |
| 20:36 | Build | Farm |
| 20:37 | Create | Villager (Male) |
| 20:37 | Create | Villager (Male) |
| 20:49 | Build | Farm |
| 20:53 | Build | Farm |
| 20:54 | Build | Farm |
| 20:55 | Build | Farm |
| 21:03 | Create | Villager (Male) |
| 21:03 | Create | Villager (Male) |
| 21:04 | Create | Villager (Male) |
| 21:11 | Create | Villager (Male) |
| 21:11 | Create | Villager (Male) |
| 21:31 | Create | Villager (Male) |
| 21:31 | Create | Villager (Male) |
| 21:37 | Build | Farm |
| 21:38 | Build | Farm |
| 21:39 | Build | Farm |
| 21:40 | Build | Farm |
| 21:41 | Build | Farm |
| 21:44 | Create | Villager (Male) |
| 21:45 | Create | Villager (Male) |
| 21:50 | Create | Villager (Male) |
| 21:51 | Create | Villager (Male) |
| 21:56 | Build | Farm |
| 21:57 | Build | Farm |
| 21:59 | Build | Farm |
| 22:01 | Build | Farm |
| 22:09 | Create | Villager (Male) |
| 22:09 | Create | Villager (Male) |
| 22:10 | Create | Galley |
| 22:11 | Create | Galley |
| 22:14 | Create | Villager (Male) |
| 22:15 | Create | Villager (Male) |
| 22:21 | Build | Farm |
| 22:22 | Build | Farm |
| 22:26 | Build | Farm |
| 22:26 | Build | Farm |
Build order — MrSpring84
First 150 of 263 actions detected
| 0:01 | Create | Villager (Male) |
| 0:02 | Create | Villager (Male) |
| 0:02 | Create | Villager (Male) |
| 0:03 | Build | House |
| 0:05 | Build | House |
| 0:17 | Create | Villager (Male) |
| 0:18 | Create | Villager (Male) |
| 1:29 | Create | Villager (Male) |
| 1:29 | Create | Villager (Male) |
| 2:08 | Create | Villager (Male) |
| 2:09 | Create | Villager (Male) |
| 2:18 | Create | Villager (Male) |
| 2:37 | Build | Lumber Camp |
| 2:42 | Create | Villager (Male) |
| 3:09 | Create | Villager (Male) |
| 3:12 | Create | Villager (Male) |
| 3:52 | Create | Villager (Male) |
| 3:53 | Create | Villager (Male) |
| 4:05 | Create | Villager (Male) |
| 4:35 | Build | House |
| 4:58 | Create | Villager (Male) |
| 5:31 | Create | Villager (Male) |
| 6:03 | Create | Villager (Male) |
| 6:31 | Research | Feudal Age |
| 6:31 | Research | Feudal Age |
| 7:27 | Build | House |
| 7:28 | Build | Barracks |
| 8:16 | Create | Villager (Male) |
| 8:16 | Create | Villager (Male) |
| 8:41 | Age | Feudal Age |
| 8:48 | Build | Stable |
| 8:55 | Research | Double-Bit Axe |
| 9:09 | Build | House |
| 9:15 | Build | Palisade Wall |
| 9:24 | Create | Villager (Male) |
| 9:43 | Create | Scout Cavalry |
| 9:43 | Create | Scout Cavalry |
| 9:44 | Create | Scout Cavalry |
| 9:54 | Create | Villager (Male) |
| 10:00 | Build | House |
| 10:03 | Build | Mill |
| 10:17 | Create | Villager (Male) |
| 10:48 | Create | Villager (Male) |
| 11:02 | Research | Horse Collar |
| 11:31 | Create | Villager (Male) |
| 11:37 | Build | Farm |
| 11:48 | Create | Villager (Male) |
| 11:50 | Build | Farm |
| 11:55 | Build | Farm |
| 11:58 | Build | Farm |
| 12:01 | Build | Blacksmith |
| 12:03 | Build | House |
| 12:09 | Create | Scout Cavalry |
| 12:22 | Create | Villager (Male) |
| 12:27 | Build | Farm |
| 12:57 | Create | Villager (Male) |
| 13:02 | Build | Farm |
| 13:05 | Build | Farm |
| 13:06 | Build | Farm |
| 13:13 | Research | Bloodlines |
| 13:18 | Build | House |
| 13:25 | Build | Farm |
| 13:26 | Create | Villager (Male) |
| 13:49 | Create | Villager (Male) |
| 13:52 | Build | Farm |
| 13:56 | Build | Mining Camp |
| 14:08 | Create | Villager (Male) |
| 14:10 | Build | Farm |
| 14:15 | Build | Farm |
| 14:21 | Create | Scout Cavalry |
| 14:25 | Build | Lumber Camp |
| 14:29 | Build | House |
| 14:41 | Create | Scout Cavalry |
| 14:43 | Create | Villager (Male) |
| 14:46 | Build | Farm |
| 14:48 | Build | Farm |
| 14:51 | Create | Villager (Male) |
| 14:55 | Build | House |
| 14:57 | Build | House |
| 15:24 | Create | Villager (Male) |
| 15:40 | Create | Scout Cavalry |
| 15:41 | Research | Forging |
| 15:50 | Build | Stable |
| 15:54 | Create | Villager (Male) |
| 16:04 | Create | Scout Cavalry |
| 16:10 | Create | Villager (Male) |
| 16:13 | Build | Farm |
| 16:15 | Build | Farm |
| 16:18 | Build | Farm |
| 16:23 | Build | House |
| 16:27 | Research | Scale Barding Armor |
| 16:28 | Research | Scale Barding Armor |
| 16:32 | Create | Villager (Male) |
| 16:44 | Create | Scout Cavalry |
| 16:45 | Create | Scout Cavalry |
| 16:52 | Create | Villager (Male) |
| 16:54 | Build | House |
| 17:02 | Build | House |
| 17:08 | Build | Farm |
| 17:12 | Create | Scout Cavalry ×2 |
| 17:44 | Create | Villager (Male) |
| 17:47 | Build | Farm |
| 18:10 | Create | Scout Cavalry |
| 18:19 | Create | Scout Cavalry ×4 |
| 18:20 | Create | Villager (Male) |
| 18:23 | Build | Farm |
| 18:24 | Build | Farm |
| 18:27 | Build | Farm |
| 18:35 | Create | Scout Cavalry |
| 18:55 | Build | Farm |
| 19:01 | Create | Scout Cavalry ×3 |
| 19:17 | Create | Scout Cavalry ×2 |
| 19:19 | Create | Villager (Male) |
| 19:29 | Create | Scout Cavalry |
| 19:30 | Create | Villager (Male) |
| 19:38 | Build | Farm |
| 19:38 | Build | Farm |
| 19:39 | Build | Farm |
| 19:39 | Build | Farm |
| 19:39 | Build | Farm |
| 19:39 | Build | Farm |
| 19:39 | Build | Farm |
| 19:40 | Build | Farm |
| 19:40 | Build | Farm |
| 19:52 | Build | Farm |
| 19:53 | Build | Farm |
| 19:54 | Create | Villager (Male) |
| 20:09 | Create | Scout Cavalry ×3 |
| 20:18 | Build | House |
| 20:22 | Build | House |
| 20:35 | Build | House |
| 20:38 | Build | Palisade Wall |
| 21:06 | Build | Farm |
| 21:14 | Build | House |
| 21:18 | Build | House |
| 21:29 | Research | Castle Age |
| 21:29 | Research | Castle Age |
| 21:48 | Create | Spearman ×2 |
| 22:28 | Create | Scout Cavalry ×2 |
| 22:39 | Build | Farm |
| 22:47 | Create | Scout Cavalry |
| 23:16 | Create | Spearman |
| 23:16 | Create | Spearman |
| 23:16 | Create | Spearman |
| 23:50 | Research | Man-at-Arms (upgrade) |
| 24:09 | Age | Castle Age |
| 24:13 | Research | Loom |
| 24:14 | Research | Wheelbarrow |
| 24:14 | Research | Wheelbarrow |
| 24:16 | Research | Husbandry |
Build order — 暴陽
First 150 of 421 actions detected
| 0:00 | Create | Villager (Male) |
| 0:02 | Build | House |
| 0:03 | Build | House |
| 0:11 | Create | Villager (Male) |
| 0:11 | Create | Villager (Male) |
| 0:12 | Create | Villager (Male) |
| 0:16 | Create | Villager (Male) |
| 0:16 | Create | Villager (Male) |
| 1:25 | Build | Lumber Camp |
| 1:30 | Create | Villager (Male) |
| 1:30 | Create | Villager (Male) |
| 2:09 | Create | Villager (Male) |
| 2:09 | Create | Villager (Male) |
| 2:28 | Create | Villager (Male) |
| 2:46 | Create | Villager (Male) |
| 2:47 | Create | Villager (Male) |
| 3:01 | Create | Villager (Male) |
| 3:26 | Create | Villager (Male) |
| 3:26 | Create | Villager (Male) |
| 3:53 | Build | House |
| 4:11 | Create | Villager (Male) |
| 4:30 | Build | Dock |
| 4:33 | Create | Villager (Male) |
| 4:35 | Create | Villager (Male) |
| 4:35 | Create | Villager (Male) |
| 5:04 | Build | House |
| 5:14 | Create | Villager (Male) |
| 5:14 | Create | Villager (Male) |
| 5:44 | Create | Fishing Ship |
| 5:50 | Create | Villager (Male) |
| 5:51 | Create | Villager (Male) |
| 5:56 | Build | House |
| 6:07 | Create | Villager (Male) |
| 6:14 | Create | Fishing Ship |
| 6:45 | Build | House |
| 6:58 | Create | Villager (Male) |
| 7:01 | Create | Fishing Ship |
| 7:24 | Create | Villager (Male) |
| 7:38 | Create | Fishing Ship |
| 8:21 | Build | Mill |
| 8:24 | Create | Villager (Male) |
| 8:44 | Create | Fishing Ship |
| 8:51 | Create | Villager (Male) |
| 8:56 | Build | Mining Camp |
| 9:18 | Build | Palisade Wall |
| 9:20 | Build | Palisade Wall |
| 9:39 | Research | Feudal Age |
| 9:40 | Create | Villager (Male) |
| 9:40 | Research | Loom |
| 10:26 | Build | Barracks |
| 11:00 | Create | Fishing Ship |
| 11:33 | Build | House |
| 11:34 | Build | Palisade Wall |
| 11:38 | Build | Palisade Wall |
| 11:48 | Build | Palisade Wall |
| 11:49 | Age | Feudal Age |
| 11:55 | Build | Stable |
| 11:56 | Build | Palisade Wall |
| 12:00 | Build | Blacksmith |
| 12:05 | Build | Palisade Wall |
| 12:08 | Build | Palisade Wall |
| 12:17 | Research | Double-Bit Axe |
| 12:27 | Build | Palisade Wall |
| 12:27 | Build | Palisade Wall |
| 12:41 | Build | Palisade Wall |
| 12:42 | Build | Palisade Wall |
| 12:43 | Build | Palisade Wall |
| 12:45 | Build | Palisade Wall |
| 12:46 | Build | Palisade Wall |
| 12:47 | Build | Palisade Wall |
| 12:53 | Research | Castle Age |
| 13:20 | Research | Gold Mining |
| 13:20 | Research | Horse Collar |
| 13:32 | Build | House |
| 13:43 | Build | Fish Trap |
| 13:44 | Create | Fishing Ship |
| 13:48 | Build | Fish Trap |
| 13:55 | Research | Bloodlines |
| 13:57 | Research | Scale Barding Armor |
| 14:15 | Create | Villager (Male) |
| 14:30 | Research | Forging |
| 14:38 | Build | Dock |
| 14:40 | Create | Fishing Ship |
| 14:45 | Research | Tech 906 |
| 14:46 | Research | Tech 906 |
| 15:17 | Create | Fishing Ship |
| 15:33 | Age | Castle Age |
| 15:36 | Create | Knight |
| 15:43 | Build | House |
| 15:50 | Create | Villager (Male) |
| 15:51 | Create | Villager (Male) |
| 16:05 | Build | Stable |
| 16:08 | Create | Knight |
| 16:15 | Create | Knight |
| 16:26 | Create | Fishing Ship |
| 16:28 | Create | Villager (Male) |
| 16:39 | Create | Knight |
| 16:52 | Create | Knight |
| 16:58 | Build | House |
| 17:01 | Build | House |
| 17:03 | Create | Knight |
| 17:21 | Create | Knight |
| 17:25 | Create | Villager (Male) |
| 17:25 | Create | Villager (Male) |
| 17:30 | Build | Town Center |
| 17:40 | Create | Villager (Male) |
| 17:56 | Build | Farm |
| 17:56 | Build | Farm |
| 17:56 | Build | Farm |
| 17:57 | Build | Farm |
| 17:58 | Create | Villager (Male) |
| 17:59 | Create | Villager (Male) |
| 18:11 | Create | Knight |
| 18:14 | Create | Knight |
| 18:19 | Build | Farm |
| 18:21 | Build | Farm |
| 18:37 | Create | Villager (Male) |
| 18:38 | Create | Villager (Male) |
| 18:41 | Build | Farm |
| 18:53 | Create | Knight |
| 18:55 | Build | Farm |
| 18:56 | Create | Villager (Male) |
| 19:06 | Create | Knight |
| 19:17 | Build | Monastery |
| 19:21 | Build | Farm |
| 19:22 | Create | Villager (Male) |
| 19:22 | Create | Villager (Male) |
| 19:40 | Create | Knight |
| 19:46 | Create | Knight |
| 19:46 | Create | Villager (Male) |
| 19:48 | Build | Farm |
| 19:54 | Build | House |
| 19:56 | Build | House |
| 19:57 | Build | House |
| 20:03 | Create | Villager (Male) |
| 20:05 | Create | Villager (Male) |
| 20:05 | Create | Villager (Male) |
| 20:09 | Create | Fishing Ship |
| 20:11 | Build | Fish Trap |
| 20:13 | Create | Villager (Male) |
| 20:18 | Create | Villager (Male) |
| 20:40 | Create | Villager (Male) |
| 20:41 | Create | Knight |
| 20:41 | Create | Knight |
| 20:47 | Build | Farm |
| 20:47 | Build | Farm |
| 20:49 | Create | Villager (Male) |
| 20:51 | Build | House |
| 20:52 | Build | House |
| 20:52 | Build | House |
Build order — ARKINE
First 150 of 380 actions detected
| 0:01 | Create | Villager (Male) |
| 0:01 | Create | Villager (Male) |
| 0:05 | Build | House |
| 0:07 | Build | House |
| 0:18 | Create | Villager (Male) |
| 0:19 | Create | Villager (Male) |
| 0:19 | Create | Villager (Male) |
| 1:24 | Create | Villager (Male) |
| 1:24 | Create | Villager (Male) |
| 1:59 | Create | Villager (Male) |
| 2:00 | Create | Villager (Male) |
| 2:16 | Create | Villager (Male) |
| 2:17 | Create | Villager (Male) |
| 2:49 | Build | Settlement |
| 2:52 | Create | Villager (Male) |
| 2:53 | Create | Villager (Male) |
| 3:09 | Create | Villager (Male) |
| 3:35 | Create | Villager (Male) |
| 3:55 | Create | Villager (Male) |
| 4:30 | Create | Villager (Male) |
| 4:30 | Create | Villager (Male) |
| 5:03 | Create | Villager (Male) |
| 5:03 | Create | Villager (Male) |
| 5:31 | Build | House |
| 5:38 | Build | Dock |
| 5:54 | Create | Villager (Male) |
| 5:54 | Create | Villager (Male) |
| 5:55 | Create | Villager (Male) |
| 5:55 | Create | Villager (Male) |
| 5:55 | Create | Villager (Male) |
| 6:18 | Create | Fishing Ship |
| 7:04 | Create | Fishing Ship |
| 7:30 | Build | House |
| 7:32 | Create | Villager (Male) |
| 7:44 | Create | Fishing Ship |
| 7:55 | Create | Villager (Male) |
| 8:12 | Build | House |
| 8:24 | Create | Villager (Male) |
| 8:43 | Build | Settlement |
| 8:49 | Research | Feudal Age |
| 9:08 | Build | Palisade Wall |
| 9:10 | Build | Palisade Wall |
| 9:11 | Build | Palisade Wall |
| 9:41 | Build | Settlement |
| 10:08 | Create | Villager (Male) |
| 11:01 | Research | Loom |
| 11:05 | Age | Feudal Age |
| 11:06 | Create | Villager (Male) |
| 11:20 | Build | Market |
| 11:23 | Build | Blacksmith |
| 12:13 | Create | Villager (Male) |
| 12:30 | Build | House |
| 12:42 | Research | Castle Age |
| 12:42 | Research | Castle Age |
| 13:14 | Create | Unit 2626 |
| 13:24 | Create | Villager (Male) |
| 13:35 | Research | Double-Bit Axe |
| 13:41 | Build | Palisade Wall |
| 13:47 | Build | Dock |
| 13:51 | Create | Unit 2626 |
| 14:26 | Create | Unit 2626 |
| 14:49 | Create | Villager (Male) |
| 15:16 | Create | Unit 2626 |
| 15:16 | Create | Unit 2626 |
| 15:25 | Age | Castle Age |
| 15:40 | Build | Palisade Wall |
| 15:45 | Create | Villager (Male) |
| 16:04 | Research | War Galley (upgrade) |
| 16:06 | Create | Unit 2626 |
| 16:22 | Build | House |
| 16:24 | Build | Palisade Wall |
| 16:36 | Create | Villager (Male) |
| 16:42 | Research | Bow Saw |
| 16:49 | Create | Unit 2626 |
| 16:49 | Create | Unit 2626 |
| 17:12 | Create | Villager (Male) |
| 17:18 | Build | Dock |
| 17:27 | Create | Villager (Male) |
| 17:40 | Create | Unit 2626 |
| 17:42 | Create | Unit 2626 |
| 18:00 | Create | Villager (Male) |
| 18:03 | Create | Villager (Male) |
| 18:09 | Create | Unit 2626 |
| 18:23 | Build | Palisade Wall |
| 18:29 | Create | Villager (Male) |
| 18:31 | Build | Town Center |
| 18:48 | Create | Unit 2626 |
| 19:06 | Create | Unit 2626 |
| 19:06 | Create | Unit 2626 |
| 19:15 | Create | Villager (Male) |
| 19:16 | Create | Unit 2626 |
| 19:17 | Create | Unit 2626 |
| 19:41 | Create | Unit 2626 |
| 19:42 | Create | Villager (Male) |
| 19:42 | Create | Villager (Male) |
| 19:45 | Build | House |
| 19:50 | Research | Wheelbarrow |
| 20:03 | Create | Villager (Male) |
| 20:10 | Create | Unit 2626 |
| 20:10 | Create | Unit 2626 |
| 20:11 | Create | Villager (Male) |
| 20:18 | Build | House |
| 20:21 | Create | Unit 2626 |
| 20:26 | Create | Villager (Male) |
| 20:29 | Research | Forging |
| 20:29 | Research | Forging |
| 20:42 | Build | Town Center |
| 20:46 | Create | Unit 2626 |
| 21:04 | Build | House |
| 21:08 | Build | Farm |
| 21:09 | Create | Villager (Male) |
| 21:10 | Create | Villager (Male) |
| 21:13 | Build | Farm |
| 21:15 | Build | Farm |
| 21:16 | Build | Farm |
| 21:29 | Create | Unit 2626 |
| 21:30 | Create | Villager (Male) |
| 21:34 | Build | Farm |
| 21:36 | Create | Villager (Male) |
| 21:39 | Build | Farm |
| 21:55 | Build | House |
| 21:56 | Create | Villager (Male) |
| 21:58 | Build | Farm |
| 22:01 | Create | Unit 2626 |
| 22:01 | Create | Unit 2626 |
| 22:02 | Create | Unit 2626 |
| 22:10 | Create | Villager (Male) |
| 22:17 | Create | Villager (Male) |
| 22:20 | Build | Farm |
| 22:21 | Build | Farm |
| 22:31 | Build | Palisade Wall |
| 22:34 | Build | Palisade Wall |
| 22:37 | Create | Villager (Male) |
| 22:40 | Build | Farm |
| 22:43 | Create | Villager (Male) |
| 22:51 | Create | Unit 2626 |
| 22:52 | Create | Unit 2626 |
| 22:56 | Build | Farm |
| 23:05 | Build | House |
| 23:06 | Build | House |
| 23:08 | Build | House |
| 23:19 | Create | Unit 2626 |
| 23:31 | Build | Farm |
| 23:33 | Build | Farm |
| 23:37 | Build | Farm |
| 23:38 | Build | Farm |
| 23:41 | Create | Unit 2626 |
| 23:42 | Create | Unit 2626 |
| 23:49 | Create | Villager (Male) |
| 23:49 | Create | Villager (Male) |
Build order — 查尔斯船长
First 150 of 225 actions detected
| 0:00 | Create | Villager (Male) ×4 |
| 0:03 | Build | House |
| 0:04 | Build | House |
| 1:26 | Create | Villager (Male) |
| 1:54 | Create | Villager (Male) |
| 1:58 | Build | Lumber Camp |
| 2:16 | Create | Villager (Male) |
| 2:41 | Build | House |
| 2:47 | Create | Villager (Male) |
| 2:47 | Create | Villager (Male) |
| 3:04 | Build | House |
| 3:16 | Create | Villager (Male) |
| 3:40 | Create | Villager (Male) |
| 3:50 | Create | Villager (Male) |
| 4:26 | Create | Villager (Male) |
| 4:48 | Create | Villager (Male) |
| 5:07 | Build | Mill |
| 5:15 | Create | Villager (Male) |
| 5:51 | Create | Villager (Male) |
| 6:06 | Create | Villager (Male) |
| 6:09 | Research | Loom |
| 6:39 | Research | Feudal Age |
| 7:42 | Build | Barracks |
| 7:50 | Create | Villager (Male) |
| 7:50 | Create | Villager (Male) |
| 9:16 | Age | Feudal Age |
| 9:26 | Build | Market |
| 10:00 | Build | Stable |
| 10:34 | Research | Castle Age |
| 10:34 | Research | Castle Age |
| 10:52 | Build | House |
| 11:20 | Build | Mill |
| 11:41 | Build | Mining Camp |
| 12:19 | Build | Stable |
| 12:34 | Build | Palisade Wall |
| 12:35 | Build | Palisade Wall |
| 12:35 | Build | Palisade Wall |
| 12:36 | Build | Palisade Wall |
| 12:39 | Build | Palisade Wall |
| 12:41 | Build | Palisade Wall |
| 12:41 | Build | Palisade Wall |
| 12:54 | Build | House |
| 12:56 | Create | Villager (Male) |
| 13:14 | Age | Castle Age |
| 13:15 | Create | Steppe Lancer |
| 13:15 | Create | Steppe Lancer |
| 13:15 | Create | Steppe Lancer |
| 13:15 | Create | Steppe Lancer |
| 13:25 | Create | Villager (Male) |
| 13:34 | Create | Steppe Lancer |
| 14:46 | Create | Steppe Lancer |
| 14:46 | Create | Steppe Lancer |
| 14:56 | Build | Farm |
| 14:57 | Build | Farm |
| 14:57 | Build | Farm |
| 14:57 | Build | Farm |
| 14:57 | Build | Farm |
| 15:25 | Create | Villager (Male) |
| 15:45 | Research | Husbandry |
| 15:59 | Build | House |
| 16:00 | Build | Palisade Wall |
| 16:03 | Build | Palisade Wall |
| 16:16 | Create | Steppe Lancer |
| 16:16 | Create | Steppe Lancer |
| 16:16 | Create | Steppe Lancer |
| 16:19 | Build | Palisade Wall |
| 16:24 | Build | Lumber Camp |
| 16:29 | Create | Steppe Lancer |
| 16:29 | Create | Steppe Lancer |
| 16:58 | Create | Villager (Male) |
| 17:17 | Create | Steppe Lancer |
| 17:18 | Create | Steppe Lancer |
| 17:18 | Create | Steppe Lancer |
| 17:20 | Create | Villager (Male) |
| 17:44 | Create | Villager (Male) |
| 18:10 | Create | Steppe Lancer |
| 18:10 | Create | Steppe Lancer |
| 18:12 | Create | Villager (Male) |
| 18:20 | Create | Villager (Male) |
| 18:54 | Create | Steppe Lancer |
| 18:54 | Create | Steppe Lancer |
| 19:23 | Create | Villager (Male) |
| 19:35 | Build | House |
| 19:36 | Build | House |
| 19:36 | Build | House |
| 19:45 | Create | Villager (Male) |
| 20:11 | Build | Mill |
| 20:34 | Create | Villager (Male) |
| 21:02 | Create | Villager (Male) |
| 21:06 | Create | Villager (Male) |
| 21:27 | Create | Villager (Male) |
| 22:33 | Create | Villager (Male) |
| 22:36 | Build | Town Center |
| 22:47 | Create | Steppe Lancer |
| 22:47 | Create | Steppe Lancer |
| 23:22 | Create | Villager (Male) |
| 23:22 | Create | Villager (Male) |
| 23:23 | Create | Villager (Male) |
| 23:26 | Create | Villager (Male) |
| 23:26 | Create | Villager (Male) |
| 23:27 | Create | Villager (Male) |
| 23:40 | Create | Steppe Lancer |
| 23:40 | Create | Steppe Lancer |
| 23:40 | Create | Steppe Lancer |
| 24:01 | Research | Double-Bit Axe |
| 24:29 | Build | Mill |
| 24:31 | Create | Steppe Lancer |
| 24:31 | Create | Steppe Lancer |
| 24:32 | Create | Steppe Lancer |
| 24:58 | Create | Steppe Lancer |
| 24:59 | Create | Steppe Lancer |
| 25:05 | Build | Farm |
| 25:13 | Create | Steppe Lancer |
| 25:14 | Create | Steppe Lancer |
| 25:18 | Build | Farm |
| 25:22 | Build | Farm |
| 26:20 | Create | Steppe Lancer |
| 26:20 | Create | Steppe Lancer |
| 26:20 | Create | Steppe Lancer |
| 26:33 | Build | Town Center |
| 26:40 | Build | Farm |
| 26:49 | Build | Farm |
| 26:50 | Build | Farm |
| 26:52 | Create | Steppe Lancer |
| 26:52 | Create | Steppe Lancer |
| 27:39 | Build | Farm |
| 27:39 | Build | Farm |
| 27:40 | Build | Farm |
| 27:43 | Create | Steppe Lancer |
| 27:44 | Create | Steppe Lancer |
| 27:44 | Create | Steppe Lancer |
| 28:25 | Create | Scout Cavalry |
| 28:35 | Create | Villager (Male) |
| 28:36 | Create | Villager (Male) |
| 28:36 | Create | Villager (Male) |
| 28:36 | Create | Villager (Male) |
| 28:39 | Build | Farm |
| 28:39 | Build | Farm |
| 28:40 | Build | Farm |
| 28:45 | Research | Horse Collar |
| 29:14 | Build | Blacksmith |
| 29:30 | Research | Bloodlines |
| 29:36 | Build | House |
| 29:37 | Build | House |
| 29:37 | Build | House |
| 29:37 | Build | House |
| 29:37 | Build | House |
| 29:47 | Create | Steppe Lancer |
| 29:47 | Create | Steppe Lancer |
| 29:48 | Create | Steppe Lancer |
Build order — Zionic
First 150 of 369 actions detected
| 0:01 | Create | Villager (Male) |
| 0:02 | Build | House |
| 0:03 | Build | House |
| 0:20 | Create | Villager (Male) |
| 0:27 | Create | Villager (Male) |
| 0:27 | Create | Villager (Male) |
| 0:27 | Create | Villager (Male) |
| 0:27 | Create | Villager (Male) |
| 1:17 | Create | Villager (Male) |
| 1:17 | Create | Villager (Male) |
| 1:59 | Create | Villager (Male) |
| 1:59 | Create | Villager (Male) |
| 2:26 | Create | Villager (Male) |
| 2:26 | Create | Villager (Male) |
| 2:45 | Create | Villager (Male) |
| 2:45 | Create | Villager (Male) |
| 3:12 | Create | Villager (Male) |
| 3:15 | Build | House |
| 3:30 | Create | Villager (Male) |
| 3:41 | Build | Lumber Camp |
| 4:11 | Create | Villager (Male) |
| 4:18 | Create | Villager (Male) |
| 4:48 | Create | Villager (Male) |
| 4:48 | Create | Villager (Male) |
| 5:07 | Build | Mill |
| 6:16 | Research | Loom |
| 6:32 | Research | Feudal Age |
| 7:42 | Build | Barracks |
| 7:47 | Build | House |
| 8:22 | Create | Villager (Male) |
| 8:51 | Age | Feudal Age |
| 8:53 | Build | Mining Camp |
| 8:58 | Build | Archery Range |
| 8:58 | Create | Villager (Male) |
| 9:01 | Research | Double-Bit Axe |
| 9:05 | Build | Mining Camp |
| 9:40 | Create | Villager (Male) |
| 9:40 | Create | Archer |
| 10:03 | Create | Villager (Male) |
| 10:08 | Build | Archery Range |
| 10:14 | Build | House |
| 10:25 | Create | Villager (Male) |
| 10:30 | Create | Archer |
| 10:40 | Build | Palisade Wall |
| 10:49 | Create | Villager (Male) |
| 11:08 | Create | Villager (Male) |
| 11:12 | Create | Spearman |
| 11:28 | Build | Palisade Wall |
| 11:38 | Build | House |
| 11:41 | Create | Archer |
| 11:51 | Create | Archer |
| 12:00 | Create | Villager (Male) |
| 12:09 | Build | Blacksmith |
| 12:22 | Create | Archer |
| 12:22 | Create | Archer |
| 12:26 | Build | Farm |
| 12:34 | Create | Villager (Male) |
| 12:36 | Build | Palisade Wall |
| 12:36 | Build | Palisade Wall |
| 12:37 | Build | Palisade Wall |
| 12:39 | Build | Palisade Wall |
| 12:40 | Build | Palisade Wall |
| 12:43 | Build | House |
| 12:44 | Build | Palisade Wall |
| 12:52 | Create | Villager (Male) |
| 12:56 | Build | Farm |
| 12:57 | Create | Archer |
| 12:57 | Create | Archer |
| 13:11 | Build | House |
| 13:13 | Build | House |
| 13:17 | Create | Archer |
| 13:17 | Create | Archer |
| 13:21 | Research | Fletching |
| 13:52 | Create | Villager (Male) |
| 14:02 | Create | Archer |
| 14:03 | Create | Archer |
| 14:10 | Build | Farm |
| 14:12 | Build | Farm |
| 14:19 | Create | Villager (Male) |
| 14:24 | Build | Farm |
| 14:35 | Create | Villager (Male) |
| 14:38 | Build | House |
| 14:39 | Build | House |
| 14:40 | Build | House |
| 14:40 | Build | House |
| 14:47 | Create | Archer |
| 14:47 | Create | Archer |
| 14:52 | Create | Archer |
| 15:05 | Create | Villager (Male) |
| 15:14 | Build | Palisade Gate |
| 15:17 | Build | House |
| 15:23 | Build | House |
| 15:24 | Build | House |
| 15:25 | Build | House |
| 15:29 | Create | Archer |
| 15:29 | Create | Archer |
| 15:36 | Create | Villager (Male) |
| 15:57 | Build | House |
| 16:02 | Create | Villager (Male) |
| 16:10 | Build | Farm |
| 16:18 | Build | Farm |
| 16:23 | Create | Villager (Male) |
| 16:30 | Build | Farm |
| 16:41 | Build | Farm |
| 16:50 | Create | Villager (Male) |
| 16:54 | Build | Palisade Wall |
| 17:04 | Research | Padded Archer Armor |
| 17:05 | Build | Farm |
| 17:06 | Create | Archer |
| 17:06 | Create | Archer |
| 17:14 | Create | Villager (Male) |
| 17:23 | Create | Villager (Male) |
| 17:31 | Build | Palisade Wall |
| 17:33 | Build | Palisade Wall |
| 17:38 | Create | Villager (Male) |
| 17:47 | Build | Palisade Wall |
| 17:56 | Create | Archer |
| 17:56 | Create | Archer |
| 18:05 | Build | Farm |
| 18:06 | Build | Farm |
| 18:08 | Create | Villager (Male) |
| 18:18 | Build | Palisade Wall |
| 18:21 | Create | Villager (Male) |
| 18:23 | Build | House |
| 18:24 | Build | House |
| 18:26 | Build | House |
| 18:35 | Create | Archer |
| 18:35 | Create | Archer |
| 18:49 | Build | Farm |
| 18:59 | Create | Villager (Male) |
| 19:19 | Research | Wheelbarrow |
| 19:20 | Research | Wheelbarrow |
| 19:45 | Build | Farm |
| 19:46 | Build | Farm |
| 19:47 | Build | Farm |
| 20:29 | Build | Farm |
| 20:38 | Create | Villager (Male) |
| 20:55 | Build | Lumber Camp |
| 21:01 | Build | House |
| 21:14 | Build | House |
| 21:20 | Build | House |
| 21:21 | Build | Palisade Wall |
| 21:25 | Research | Castle Age |
| 21:25 | Research | Castle Age |
| 21:25 | Research | Castle Age |
| 21:37 | Build | Farm |
| 21:50 | Build | House |
| 21:51 | Build | House |
| 21:58 | Build | House |
| 22:15 | Build | House |
Build order — 台灣土匪
First 150 of 262 actions detected
| 0:01 | Create | Villager (Male) |
| 0:01 | Create | Villager (Male) |
| 0:01 | Create | Villager (Male) |
| 0:02 | Create | Villager (Male) |
| 0:03 | Build | House |
| 0:04 | Build | House |
| 1:29 | Create | Villager (Male) |
| 1:29 | Create | Villager (Male) |
| 2:09 | Create | Villager (Male) |
| 2:09 | Create | Villager (Male) |
| 2:13 | Create | Villager (Male) |
| 2:13 | Create | Villager (Male) |
| 2:37 | Create | Villager (Male) |
| 2:37 | Create | Villager (Male) |
| 2:42 | Build | House |
| 2:47 | Create | Villager (Male) |
| 2:48 | Create | Villager (Male) |
| 3:12 | Create | Villager (Male) |
| 3:13 | Create | Villager (Male) |
| 3:41 | Create | Villager (Male) |
| 3:41 | Create | Villager (Male) |
| 3:48 | Create | Villager (Male) |
| 3:48 | Create | Villager (Male) |
| 4:10 | Create | Villager (Male) |
| 4:10 | Create | Villager (Male) |
| 4:28 | Create | Villager (Male) |
| 4:28 | Create | Villager (Male) |
| 4:50 | Create | Villager (Male) |
| 4:50 | Create | Villager (Male) |
| 5:46 | Research | Feudal Age |
| 5:46 | Research | Feudal Age |
| 6:05 | Build | Mill |
| 6:40 | Build | Lumber Camp |
| 6:45 | Create | Villager (Male) |
| 7:01 | Build | House |
| 7:32 | Create | Villager (Male) |
| 8:04 | Age | Feudal Age |
| 8:23 | Build | Stable |
| 8:27 | Research | Double-Bit Axe |
| 8:27 | Research | Double-Bit Axe |
| 8:49 | Build | Farm |
| 9:00 | Build | Farm |
| 9:02 | Build | Farm |
| 9:20 | Create | Scout Cavalry |
| 9:20 | Create | Scout Cavalry |
| 9:22 | Build | Farm |
| 9:24 | Build | Farm |
| 9:31 | Create | Villager (Male) |
| 9:31 | Create | Villager (Male) |
| 9:44 | Build | Farm |
| 9:47 | Create | Villager (Male) |
| 9:47 | Create | Villager (Male) |
| 9:55 | Create | Villager (Male) |
| 9:55 | Create | Villager (Male) |
| 10:04 | Create | Scout Cavalry |
| 10:04 | Create | Scout Cavalry |
| 10:08 | Build | House |
| 10:16 | Build | Farm |
| 10:21 | Create | Villager (Male) |
| 10:21 | Create | Villager (Male) |
| 10:42 | Create | Scout Cavalry |
| 10:43 | Create | Scout Cavalry |
| 11:12 | Create | Villager (Male) |
| 11:13 | Create | Scout Cavalry |
| 11:14 | Build | Farm |
| 11:17 | Build | Farm |
| 11:28 | Create | Scout Cavalry |
| 11:33 | Build | Farm |
| 11:42 | Create | Villager (Male) |
| 11:42 | Create | Villager (Male) |
| 12:02 | Research | Loom |
| 12:04 | Create | Scout Cavalry |
| 12:17 | Create | Scout Cavalry |
| 12:58 | Create | Villager (Male) |
| 12:59 | Create | Scout Cavalry |
| 13:14 | Create | Villager (Male) |
| 13:14 | Create | Scout Cavalry |
| 13:23 | Build | Blacksmith |
| 13:45 | Create | Scout Cavalry |
| 13:54 | Research | Scale Barding Armor |
| 13:54 | Research | Scale Barding Armor |
| 14:05 | Create | Villager (Male) |
| 14:18 | Build | House |
| 14:19 | Build | House |
| 14:24 | Create | Villager (Male) |
| 14:28 | Build | House |
| 14:28 | Build | House |
| 14:44 | Create | Villager (Male) |
| 14:48 | Research | Forging |
| 14:48 | Research | Forging |
| 14:57 | Create | Villager (Male) |
| 15:05 | Create | Scout Cavalry |
| 15:13 | Create | Scout Cavalry |
| 15:28 | Create | Villager (Male) |
| 15:38 | Create | Villager (Male) |
| 15:43 | Create | Scout Cavalry |
| 15:43 | Create | Scout Cavalry |
| 16:13 | Build | Lumber Camp |
| 16:19 | Create | Scout Cavalry |
| 16:24 | Create | Villager (Male) |
| 17:01 | Research | Horse Collar |
| 17:01 | Research | Horse Collar |
| 17:28 | Create | Scout Cavalry |
| 17:47 | Research | Wheelbarrow |
| 18:02 | Build | Mining Camp |
| 18:18 | Create | Scout Cavalry |
| 18:20 | Create | Villager (Male) |
| 18:20 | Create | Villager (Male) |
| 18:23 | Build | Farm |
| 18:49 | Build | Farm |
| 18:54 | Create | Villager (Male) |
| 19:30 | Build | Farm |
| 19:33 | Build | Farm |
| 19:33 | Build | Farm |
| 19:34 | Create | Villager (Male) |
| 19:45 | Create | Scout Cavalry |
| 19:45 | Create | Scout Cavalry |
| 20:01 | Build | Farm |
| 20:13 | Build | Farm |
| 20:13 | Build | Farm |
| 20:23 | Build | Farm |
| 20:23 | Build | Farm |
| 20:25 | Create | Villager (Male) |
| 20:25 | Create | Villager (Male) |
| 20:49 | Build | Farm |
| 20:53 | Build | Farm |
| 21:01 | Create | Villager (Male) |
| 21:23 | Build | Farm |
| 21:27 | Build | Lumber Camp |
| 21:32 | Build | Farm |
| 21:33 | Create | Villager (Male) |
| 21:33 | Create | Villager (Male) |
| 22:02 | Build | Farm |
| 22:03 | Build | Farm |
| 22:06 | Create | Villager (Male) |
| 22:24 | Build | Farm |
| 22:27 | Create | Villager (Male) |
| 23:08 | Create | Villager (Male) |
| 23:11 | Build | Farm |
| 23:27 | Build | Farm |
| 23:36 | Build | Farm |
| 23:42 | Build | Farm |
| 23:45 | Research | Castle Age |
| 23:45 | Research | Castle Age |
| 23:48 | Build | Stable |
| 24:07 | Research | Gold Mining |
| 24:18 | Research | Bloodlines |
| 24:19 | Research | Bloodlines |
| 24:39 | Build | Farm |
| 24:41 | Build | Farm |
Build order — Envetel
First 150 of 382 actions detected
| 0:01 | Create | Villager (Male) ×4 |
| 0:02 | Build | House |
| 0:04 | Build | House |
| 1:33 | Create | Villager (Male) |
| 1:34 | Create | Villager (Male) |
| 2:00 | Build | Lumber Camp |
| 2:04 | Create | Villager (Male) |
| 2:27 | Create | Villager (Male) |
| 2:28 | Create | Villager (Male) |
| 2:47 | Create | Villager (Male) |
| 2:47 | Create | Villager (Male) |
| 3:11 | Create | Villager (Male) |
| 3:11 | Create | Villager (Male) |
| 3:37 | Build | House |
| 3:43 | Create | Villager (Male) |
| 3:44 | Create | Villager (Male) |
| 4:07 | Create | Villager (Male) |
| 4:07 | Create | Villager (Male) |
| 4:36 | Create | Villager (Male) |
| 5:01 | Build | Dock |
| 5:08 | Create | Villager (Male) |
| 5:19 | Build | House |
| 5:23 | Build | House |
| 5:28 | Create | Villager (Male) |
| 5:28 | Create | Villager (Male) |
| 5:53 | Create | Villager (Male) |
| 5:54 | Create | Villager (Male) |
| 6:11 | Create | Villager (Male) |
| 6:23 | Create | Fishing Ship |
| 6:23 | Create | Fishing Ship |
| 6:31 | Research | Loom |
| 6:31 | Research | Loom |
| 6:31 | Research | Loom |
| 7:11 | Create | Fishing Ship |
| 7:50 | Research | Feudal Age |
| 7:50 | Research | Feudal Age |
| 8:27 | Build | Lumber Camp |
| 8:54 | Build | House |
| 9:17 | Build | Barracks |
| 9:24 | Create | Villager (Male) |
| 9:40 | Create | Fishing Ship |
| 9:59 | Build | House |
| 10:00 | Age | Feudal Age |
| 10:10 | Build | Stable |
| 10:25 | Create | Villager (Male) |
| 10:28 | Research | Double-Bit Axe |
| 10:44 | Create | Fishing Ship |
| 10:46 | Create | Scout Cavalry |
| 10:46 | Create | Scout Cavalry |
| 10:57 | Create | Villager (Male) |
| 11:06 | Build | Mill |
| 11:08 | Build | House |
| 11:20 | Create | Fishing Ship |
| 11:25 | Create | Villager (Male) |
| 11:46 | Create | Villager (Male) |
| 12:12 | Create | Fishing Ship |
| 12:17 | Build | Stable |
| 12:20 | Build | Mining Camp |
| 12:21 | Create | Villager (Male) |
| 12:32 | Create | Scout Cavalry |
| 12:43 | Create | Villager (Male) |
| 13:03 | Create | Scout Cavalry |
| 13:05 | Create | Fishing Ship |
| 13:13 | Build | House |
| 13:14 | Research | Town Watch |
| 13:14 | Research | Town Watch |
| 13:36 | Build | Dock |
| 13:38 | Create | Fishing Ship |
| 13:41 | Create | Villager (Male) |
| 13:42 | Create | Scout Cavalry |
| 13:57 | Create | Scout Cavalry |
| 14:08 | Create | Villager (Male) |
| 14:23 | Build | Blacksmith |
| 14:26 | Create | Villager (Male) |
| 14:33 | Create | Scout Cavalry |
| 14:48 | Build | House |
| 14:48 | Build | House |
| 14:50 | Build | Lumber Camp |
| 15:00 | Research | Scale Barding Armor |
| 15:00 | Research | Scale Barding Armor |
| 15:04 | Create | Scout Cavalry |
| 15:11 | Create | Villager (Male) |
| 15:26 | Create | Scout Cavalry |
| 15:34 | Build | House |
| 15:34 | Build | House |
| 15:49 | Create | Villager (Male) |
| 16:05 | Create | Galley |
| 16:05 | Create | Galley |
| 16:07 | Research | Fletching |
| 16:10 | Research | Horse Collar |
| 16:10 | Research | Horse Collar |
| 16:12 | Build | Farm |
| 16:14 | Build | Farm |
| 16:25 | Create | Villager (Male) |
| 16:46 | Create | Villager (Male) |
| 16:53 | Create | Galley |
| 16:54 | Create | Galley |
| 17:06 | Create | Spearman |
| 17:07 | Create | Scout Cavalry |
| 17:07 | Create | Scout Cavalry |
| 17:18 | Create | Villager (Male) |
| 17:21 | Build | Farm |
| 17:23 | Build | Farm |
| 17:24 | Build | Farm |
| 17:37 | Build | House |
| 17:38 | Build | House |
| 17:40 | Build | Stone Wall |
| 17:42 | Build | Stone Wall |
| 17:51 | Create | Scout Cavalry |
| 18:04 | Research | Wheelbarrow |
| 18:05 | Research | Wheelbarrow |
| 18:16 | Build | Market |
| 18:24 | Build | Dock |
| 18:27 | Create | Villager (Male) |
| 18:43 | Build | Farm |
| 18:44 | Build | Farm |
| 18:44 | Build | Farm |
| 18:44 | Build | Farm |
| 18:45 | Build | Farm |
| 18:46 | Build | Farm |
| 18:49 | Build | Farm |
| 18:54 | Build | Palisade Wall |
| 18:55 | Create | Villager (Male) |
| 19:06 | Create | Scout Cavalry |
| 19:06 | Create | Scout Cavalry |
| 19:20 | Create | Spearman |
| 19:28 | Create | Villager (Male) |
| 19:30 | Build | Farm |
| 19:32 | Build | Farm |
| 19:42 | Build | Watch Tower |
| 19:45 | Build | House |
| 19:46 | Build | House |
| 19:49 | Build | Stone Wall |
| 19:55 | Build | Stone Wall |
| 19:56 | Build | Stone Wall |
| 19:58 | Build | Stone Wall |
| 20:08 | Create | Villager (Male) |
| 20:41 | Create | Villager (Male) |
| 20:51 | Create | Spearman |
| 21:08 | Create | Galley |
| 21:09 | Create | Galley |
| 21:10 | Create | Villager (Male) |
| 21:22 | Build | Stone Wall |
| 21:57 | Build | Stable |
| 22:16 | Research | Castle Age |
| 22:16 | Research | Castle Age |
| 22:17 | Research | Castle Age |
| 22:20 | Create | Villager (Male) |
| 22:43 | Build | Stable |
| 22:46 | Build | House |
Match timeline
| 4:30 | 暴陽 · first_building Dock |
| 4:54 | 烏鴉 · first_building Dock |
| 5:01 | Envetel · first_building Dock |
| 5:38 | ARKINE · first_building Dock |
| 7:28 | MrSpring84 · first_building Barracks |
| 7:42 | 查尔斯船长 · first_building Barracks |
| 7:42 | Zionic · first_building Barracks |
| 8:04 | 台灣土匪 · age_up feudal |
| 8:23 | 台灣土匪 · first_building Stable |
| 8:41 | MrSpring84 · age_up feudal |
| 8:48 | MrSpring84 · first_building Stable |
| 8:51 | Zionic · age_up feudal |
| 8:58 | Zionic · first_building Archery Range |
| 9:08 | ARKINE · wall_segment Palisade Wall x1 |
| 9:10 | ARKINE · wall_segment Palisade Wall x1 |
| 9:11 | ARKINE · wall_segment Palisade Wall x1 |
| 9:15 | MrSpring84 · wall_segment Palisade Wall x3 |
| 9:16 | 查尔斯船长 · age_up feudal |
| 9:17 | Envetel · first_building Barracks |
| 9:18 | 暴陽 · wall_segment Palisade Wall x1 |
| 9:20 | 暴陽 · wall_segment Palisade Wall x1 |
| 9:30 | 烏鴉 · wall_segment Palisade Wall x1 |
| 9:31 | 烏鴉 · wall_segment Palisade Wall x1 |
| 10:00 | Envetel · age_up feudal |
| 10:00 | 查尔斯船长 · first_building Stable |
| 10:10 | Envetel · first_building Stable |
| 10:13 | 查尔斯船长 · first_market_sell 100 stone |
| 10:26 | 暴陽 · first_building Barracks |
| 10:40 | Zionic · wall_segment Palisade Wall x6 |
| 11:05 | ARKINE · age_up feudal |
| 11:28 | Zionic · wall_segment Palisade Wall x1 |
| 11:34 | 暴陽 · wall_segment Palisade Wall x3 |
| 11:38 | 暴陽 · wall_segment Palisade Wall x4 |
| 11:48 | 暴陽 · wall_segment Palisade Wall x4 |
| 11:49 | 暴陽 · age_up feudal |
| 11:55 | 暴陽 · first_building Stable |
| 11:56 | 暴陽 · wall_segment Palisade Wall x1 |
| 12:05 | 暴陽 · wall_segment Palisade Wall x6 |
| 12:08 | 暴陽 · wall_segment Palisade Wall x4 |
| 12:14 | 烏鴉 · age_up feudal |
| 12:20 | 烏鴉 · wall_segment Palisade Wall x1 |
| 12:25 | 烏鴉 · wall_segment Palisade Wall x12 |
| 12:27 | 暴陽 · wall_segment Palisade Wall x1 |
| 12:27 | 暴陽 · wall_segment Palisade Wall x1 |
| 12:34 | 查尔斯船长 · wall_segment Palisade Wall x1 |
| 12:34 | ARKINE · first_market_sell 100 wood |
| 12:35 | 查尔斯船长 · wall_segment Palisade Wall x1 |
| 12:35 | 查尔斯船长 · wall_segment Palisade Wall x1 |
| 12:36 | 查尔斯船长 · wall_segment Palisade Wall x1 |
| 12:36 | Zionic · wall_segment Palisade Wall x1 |
| 12:36 | Zionic · wall_segment Palisade Wall x1 |
| 12:37 | Zionic · wall_segment Palisade Wall x1 |
| 12:39 | 查尔斯船长 · wall_segment Palisade Wall x1 |
| 12:39 | ARKINE · first_market_buy 100 food |
| 12:39 | Zionic · wall_segment Palisade Wall x1 |
| 12:40 | Zionic · wall_segment Palisade Wall x1 |
| 12:41 | 查尔斯船长 · wall_segment Palisade Wall x1 |
| 12:41 | 暴陽 · wall_segment Palisade Wall x1 |
| 12:41 | 查尔斯船长 · wall_segment Palisade Wall x1 |
| 12:42 | 暴陽 · wall_segment Palisade Wall x1 |
| 12:43 | 暴陽 · wall_segment Palisade Wall x1 |
| 12:44 | Zionic · wall_segment Palisade Wall x1 |
| 12:45 | 暴陽 · wall_segment Palisade Wall x1 |
| 12:46 | 暴陽 · wall_segment Palisade Wall x1 |
| 12:47 | 暴陽 · wall_segment Palisade Wall x1 |
| 13:14 | 查尔斯船长 · age_up castle |
| 13:41 | ARKINE · wall_segment Palisade Wall x11 |
| 15:25 | ARKINE · age_up castle |
| 15:28 | 查尔斯船长 · first_market_buy 100 food |
| 15:33 | 暴陽 · age_up castle |
| 15:40 | ARKINE · wall_segment Palisade Wall x1 |
| 15:51 | 烏鴉 · age_up castle |
| 16:00 | 查尔斯船长 · wall_segment Palisade Wall x1 |
| 16:03 | 查尔斯船长 · wall_segment Palisade Wall x1 |
| 16:19 | 查尔斯船长 · wall_segment Palisade Wall x1 |
| 16:24 | ARKINE · wall_segment Palisade Wall x3 |
| 16:40 | 烏鴉 · first_market_buy 100 stone |
| 16:54 | Zionic · wall_segment Palisade Wall x1 |
| 17:31 | Zionic · wall_segment Palisade Wall x1 |
| 17:33 | Zionic · wall_segment Palisade Wall x1 |
| 17:40 | Envetel · wall_segment Stone Wall x1 |
| 17:42 | Envetel · wall_segment Stone Wall x1 |
| 17:47 | Zionic · wall_segment Palisade Wall x1 |
| 18:18 | Zionic · wall_segment Palisade Wall x1 |
| 18:23 | ARKINE · wall_segment Palisade Wall x1 |
| 18:54 | Envetel · wall_segment Palisade Wall x1 |
| 19:17 | 暴陽 · first_building Monastery |
| 19:49 | Envetel · wall_segment Stone Wall x1 |
| 19:55 | Envetel · wall_segment Stone Wall x1 |
| 19:56 | Envetel · wall_segment Stone Wall x5 |
| 19:58 | Envetel · wall_segment Stone Wall x4 |
| 20:38 | MrSpring84 · wall_segment Palisade Wall x1 |
| 21:21 | Zionic · wall_segment Palisade Wall x1 |
| 21:22 | Envetel · wall_segment Stone Wall x1 |
| 21:59 | Envetel · first_market_sell 100 wood |
| 22:00 | Envetel · first_market_buy 100 food |
| 22:16 | Zionic · wall_segment Palisade Wall x1 |
| 22:20 | Zionic · wall_segment Palisade Wall x1 |
| 22:31 | ARKINE · wall_segment Palisade Wall x1 |
| 22:34 | ARKINE · wall_segment Palisade Wall x1 |
| 23:26 | Zionic · first_building Stable |
| 23:41 | Zionic · wall_segment Palisade Wall x1 |
| 24:05 | Zionic · age_up castle |
| 24:09 | MrSpring84 · age_up castle |
| 24:56 | Envetel · age_up castle |
| 25:07 | ARKINE · first_building Monastery |
| 26:17 | 暴陽 · first_market_sell 100 wood |
| 26:25 | 台灣土匪 · age_up castle |
| 27:04 | 烏鴉 · first_building Monastery |
| 28:59 | Envetel · first_building Monastery |
| 29:55 | 烏鴉 · first_building Barracks |
| 30:26 | 烏鴉 · first_building Archery Range |
| 30:33 | 暴陽 · first_building Castle |
| 31:10 | ARKINE · first_building Barracks |
| 31:15 | 烏鴉 · age_up imperial |
| 31:34 | 烏鴉 · first_market_sell 100 food |
| 31:47 | 烏鴉 · first_building Siege Workshop |
| 32:15 | ARKINE · first_building Archery Range |
| 33:01 | ARKINE · first_building Castle |
| 33:11 | ARKINE · first_building Siege Workshop |
| 33:24 | Zionic · wall_segment Stone Wall x1 |
| 33:46 | 烏鴉 · first_building Castle |
| 34:19 | Zionic · first_building Castle |
| 34:36 | 暴陽 · first_market_buy 100 stone |
| 34:47 | ARKINE · age_up imperial |
| 35:46 | 暴陽 · age_up imperial |
| 36:03 | Zionic · first_market_sell 100 food |
| 37:23 | MrSpring84 · age_up imperial |
| 38:21 | MrSpring84 · resign |
[ AI ANALYSIS · 1 CREDIT ]
What really happened in this match?
Wolo.gg analyzes every decision: build order, eco, micro, common mistakes by bracket. Personalized analysis on WhatsApp or Discord in 30 seconds.
Civ guide
Bengalis
Perfil
Jugador #11403014